 Dungeon Crawl Stone Soup version 0.26-a0-43-g20b394cb32 (webtiles) character file.

Game seed: 16672002019213881131

18 MarredHen the Conjurer (level 2, 0/15 HPs)
             Began as a Kobold Conjurer on June 2, 2020.
             Slain by a jackal (1 damage)
             ... on level 1 of the Dungeon.
             The game lasted 00:02:11 (747 turns).

MarredHen the Conjurer (Kobold Conjurer)             Turns: 747, Time: 00:02:12

Health: 0/15       AC:  0    Str:  5    XL:     2   Next: 90%
Magic:  0/5        EV: 16    Int: 16    God:
Gold:   60         SH:  0    Dex: 21    Spells: 4/5 levels left

rFire    . . .     SeeInvis .   g - +0 dagger (venom)
rCold    . . .     Gourm    .   (shield restricted)
rNeg     . . .     Faith    .   (no armour)
rPois    .         Spirit   .   (no helmet)
rElec    .         Reflect  .   (no cloak)
rCorr    .         Harm     .   (no gloves)
MR       .....                  (no boots)
Stlth    +++.......             (no amulet)
HPRegen  0.05/turn              d - +6 ring of dexterity
MPRegen  0.09/turn              (no ring)

@: very slightly contaminated
A: small, carnivore
a: no special abilities


You were on level 1 of the Dungeon.
You were not hungry.

You visited 1 branch of the dungeon, and saw 1 of its levels.

You collected 60 gold pieces.

Inventory:

Hand Weapons
 g - a +0 dagger of venom (weapon)
Armour
 a - a +0 robe
 h - a cursed +0 robe
Jewellery
 d - a +6 ring of dexterity (left hand)
Scrolls
 b - a scroll of amnesia {unknown}
 e - a scroll of immolation {unknown}
 f - a scroll of teleportation {unknown}
Comestibles
 c - a ration


   Skills:
 + Level 2.5 Dodging
 + Level 3.5 Stealth
 + Level 2.3 Spellcasting
 + Level 4.3 Conjurations


You had 4 spell levels left.
You knew the following spells:

 Your Spells              Type           Power        Failure   Level  Hunger
a - Magic Dart            Conj           ###.         3%          1    #......

Your spell library contained the following spells:

 Spells                   Type           Power        Failure   Level  Hunger
 Searing Ray              Conj           ###...       5%          2    ###....
 Dazzling Flash           Conj/Hex       #.....       26%         3    ###....
 Fulminant Prism          Conj/Hex       #.........   63%         4    #####..
 Iskenderun's Mystic Bla  Conj/Tloc      #.......     63%         4    #####..


Dungeon Overview and Level Annotations

Branches:
Dungeon (1/15)

Altars:


Innate Abilities, Weirdness & Mutations

You are small and have problems with some larger weapons.
You are carnivorous and can eat meat at any time.


Message History

Confirm with . or Enter, or press ? or * to list all spells.
Aiming: Magic Dart (safe; 3% risk of failure)
Press: ? - help, Shift-Dir - straight line, f - jackal
Aim: a jackal The magic dart hits the jackal.
The jackal is moderately wounded.
The jackal closely misses you.
Casting: Magic Dart (safe; 3% risk of failure)
Confirm with . or Enter, or press ? or * to list all spells.
Aiming: Magic Dart (safe; 3% risk of failure)
Press: ? - help, Shift-Dir - straight line, f/p - jackal
Aim: a jackal (moderately wounded)
The magic dart hits the jackal but does no damage.
The jackal is moderately wounded.
The jackal barely misses you. The jackal completely misses you.
A goblin and a kobold come into view.
You barely miss the jackal.
The jackal is moderately wounded.
The jackal bites you.
You die...

# #.# #.≈≈≈......#
# #.##
#.≈≈≈......# #
#..## #.#≈≈≈.≈≈≈##
#
##.#.###.#≈≈≈≈≈≈≈#
#
#...#.##.#########
##...##### ##.##
######### #.###
#....g..K #...#
#.##@# ###.#
#.##h# #.# #.##)#
#.# #.##.# ## #.#
#.##.# .. #.#
#.##.###.# #.#
#.##.....#
#.####†###[##K#
#......h.#.# #.#


You could see a jackal, a goblin (asleep) and a kobold (asleep).

Vanquished Creatures
  2 dart slugs (D:1)
  3 bats (D:1)
  2 goblins (D:1)
  A hobgoblin (D:1)
  3 kobolds (D:1)
  A frilled lizard (D:1)
  3 rats (D:1)
15 creatures vanquished.

Notes
Turn   | Place    | Note
-------+----------+-------------------------------------------
     0 | D:1      | MarredHen the Kobold Conjurer began the quest for the Orb.
     0 | D:1      | Reached XP level 1. HP: 10/10 MP: 3/3
   406 | D:1      | Reached XP level 2. HP: 15/15 MP: 0/5
   747 | D:1      | Slain by a jackal

Illustrated notes

Levels and vault maps discovered:
D:1:      dpeg_arrival_pond, layout_loops_ring, hangedman_feature_mirror,
          minmay_misc_feat_hallway

Skill      XL: |  1 |
---------------+----+-----
Stealth        | 3 |  3.5
Dodging        | |  2.5
Spellcasting   | |  2.3
Conjurations   | |  4.3

Action                   || total
-------------------------++-------
Melee: Unarmed           ||     3
       Dagger            ||     6
 Cast: Magic Dart        ||    30
Armor: Robe              ||     2
Dodge: Dodged            ||    29

Table legend:
 A = Non-vault XP
 B = Vault XP
 C = Vault XP percentage of total XP
 D = Non-vault monster count
 E = Vault monster count
 F = Vault count percentage of total count
                 A         B        C        D         E       F
            +---------+---------+-------+---------+---------+-------
      Total |      20 |       7 |  25.9 |      12 |       3 |  20.0
            +---------+---------+-------+---------+---------+-------
        D:1 |      20 |       7 |  25.9 |      12 |       3 |  20.0
            +---------+---------+-------+---------+---------+-------
